 Dungeon Crawl Stone Soup version 0.26.1-2-gb8aa6d0cf2 (webtiles) character file.

Game seed: 1475701511708700817

141 DasRunzen the Ducker (level 4, -4/37 HPs)
             Began as a Demigod Gladiator on Feb 12, 2021.
             Killed from afar by an orc wizard (7 damage)
             ... with a magic dart
             ... on level 3 of the Dungeon.
             The game lasted 00:04:12 (2000 turns).

DasRunzen the Ducker (Demigod Gladiator)            Turns: 2000, Time: 00:04:13

Health: -4/37      AC:  4    Str: 17    XL:     4   Next: 73%
Magic:  8/8        EV: 13    Int: 14    God:
Gold:   117        SH:  0    Dex: 17    Spells: 5/5 levels left

rFire    . . .     SeeInvis .   a - +1 long sword
rCold    . . .     Faith    .   (no shield)
rNeg     . . .     Spirit   .   b - +0 leather armour
rPois    .         Reflect  .   c - +0 helmet
rElec    .         Harm     .   (no cloak)
rCorr    .         Rampage  .   (no gloves)
Will     .....                  (no boots)
Stlth    +.........             (no amulet)
HPRegen  0.12/turn              (no ring)
MPRegen  0.11/turn              (no ring)

@: no status effects
A: high mp 1
a: no special abilities


You were on level 3 of the Dungeon.
You visited 1 branch of the dungeon, and saw 3 of its levels.

You collected 117 gold pieces.

Inventory:

Hand Weapons
 a - a +1 long sword (weapon)
Armour
 b - a +0 leather armour (worn)
 c - a +0 helmet (worn)
Potions
 g - a potion of brilliance


   Skills:
 + Level 2.6 Fighting
 + Level 3.3 Long Blades
 - Level 1.7 Throwing
 + Level 1.6 Armour
 + Level 3.3 Dodging
 + Level 1.4 Spellcasting


You had 5 spell levels left.
You didn't know any spells.
Your spell library was empty.

Dungeon Overview and Level Annotations

Branches:
Dungeon (3/15)

Annotations:
D:3 3 runed translucent doors, kthxbai's ghost, amateur OpEE


Innate Abilities, Weirdness & Mutations

You have an increased reservoir of magic. (+10% MP)


Message History

* * * LOW HITPOINT WARNING * * *
You slash the orc!
You kill the orc!
The orc barely misses you.
Things that are here:
a +0 short sword; a +0 leather armour; an orc corpse An orc wizard comes into view.
It is wielding a +0 dagger.
The orc wizard shouts!
An orc comes into view.
You aren't carrying any scrolls.
It was a potion of cancellation.
You feel magically purged. The orc hits you but does no damage.
The kobold shouts! x3
The orc hits you but does no damage.
You hit the orc but do no damage. The orc closely misses you.
You riposte.
You slash the orc!
You kill the orc!
The orc wizard gestures at you while chanting.
The magic dart hits you!
You die...

##.# #o #KK#.#.⌠#
...# #. #K#KKK#.#
#### #)###.KWKK###
#)..##+++##.#
###o.o......#
#####.###.#####.#
#o..........#
##########
#[###.#######
..o......# #@# #.#
########.#######.#
#.# #.....o.o.#
#.# ###########
#o# #.# #o# #.#
#.#
################.#


You could see an orc wizard, kthxbai's ghost, an orc and 5 kobolds.

Vanquished Creatures
  An orc priest (D:3)
  3 adders
  2 dart slugs (D:1)
  A leopard gecko (D:1)
  9 orcs
  4 giant cockroaches
  6 goblins
  8 hobgoblins
  8 jackals
  A quokka (D:2)
  5 bats
  3 frilled lizards
  12 kobolds
  6 rats
69 creatures vanquished.

Notes
Turn   | Place    | Note
-------+----------+-------------------------------------------
     0 | D:1      | DasRunzen the Demigod Gladiator began the quest for the
                  | Orb.
     0 | D:1      | Reached XP level 1. HP: 17/17 MP: 3/3
   123 | D:1      | Reached XP level 2. HP: 20/24 MP: 4/4
   522 | D:1      | Reached skill level 1 in Armour
   793 | D:2      | Reached XP level 3. HP: 29/29 MP: 6/6
   858 | D:2      | Reached skill level 1 in Spellcasting
  1530 | D:3      | Reached XP level 4. HP: 21/37 MP: 8/8
  1892 | D:3      | Noticed kthxbai's ghost (amateur OpEE)
  1892 | D:3      | Noticed a big kobold
  1893 | D:3      | Found a runed translucent gate.
  1893 | D:3      | Found a runed translucent gate.
  1894 | D:3      | Found a runed translucent gate.
  2000 | D:3      | Killed from afar by an orc wizard

Illustrated notes

Levels and vault maps discovered:
D:1:      nzn_arrival_depleted_hourglass, layout_rooms,
          chequers_serial_rivers_micro_c
D:2:      layout_rooms, fountainhead
D:3:      layout_loops_ring, gammafunk_ghost_nasty_kobolds, uniq_ijyb,
          uniq_crazy_yiuf_cottage, uniq_natasha

Skill      XL: |  1  2  3 |
---------------+----------+-----
Fighting       | 2 |  2.6
Armour         | 1 |  1.6
Long Blades    | 3 |  3.3
Dodging        | 3 |  3.3
Spellcasting   | 1 |  1.4
Throwing       | |  1.7

Action                   |  1- 3 |  4- 6 || total
-------------------------+-------+-------++-------
Melee: Long sword        |   130 |    42 ||   172
  Use: Scroll            |     9 |       ||     9
       Potion            |       |     1 ||     1
Armor: Leather armour    |    44 |    19 ||    63
Dodge: Dodged            |   101 |    44 ||   145
       Rpst.: Long sword |    29 |    13 ||    42
